[ AOE2 MATCH · #476733470 ]
UnrankedMaya vs Jurchens
Player's team · WIN
Rival team · LOSS
[ REPLAY ANALYSIS · EXTRACTED FROM THE RECORDED GAME ]
Feudal
10:47
Castle
—
Imperial
—
| APM avg | 70.1 |
| APM peak | 114 |
| eAPM avg | 30.5 |
| Villagers / military | 37 / 23 |
Focus
⚔️ 40.3% · 🌾 59.7%
Eagle Scout ×8 · Archer ×7 · Militia ×4 · Spearman ×4
Feudal
8:51
Castle
—
Imperial
—
| APM avg | 34.5 |
| APM peak | 81 |
| eAPM avg | 14.6 |
| Villagers / military | 41 / 9 |
Focus
⚔️ 27.7% · 🌾 72.3%
Scout Cavalry ×6 · Skirmisher ×3
Match map
Initial resources + every placement click. Lines = walls · curves = elevation contours. ◆ gold · ⬟ stone · ● berries · ✦ relic · ◌ wall gap
Your base· Open — unwalled flank
Мамкин руинер's base· Open — unwalled flank
Smoothed initial terrain · ◌ = detected wall gap · hover for details
Inputs per minute
— 幼猫上坟 - - Мамкин руинер
Build order — 幼猫上坟
112 actions detected in the replay
| 0:01 | Research | Loom |
| 0:01 | Create | Villager (Male) |
| 0:01 | Create | Villager (Male) |
| 0:02 | Create | Villager (Male) |
| 0:02 | Build | House |
| 0:07 | Build | House |
| 1:23 | Create | Villager (Male) |
| 1:49 | Build | Lumber Camp |
| 2:04 | Create | Villager (Male) |
| 2:14 | Create | Villager (Male) |
| 2:37 | Create | Villager (Male) |
| 3:16 | Create | Villager (Male) |
| 3:39 | Create | Villager (Male) |
| 3:52 | Build | House |
| 4:00 | Create | Villager (Male) |
| 4:29 | Build | Barracks |
| 4:36 | Create | Villager (Male) |
| 4:46 | Create | Villager (Male) |
| 5:01 | Build | House |
| 5:04 | Create | Villager (Male) |
| 5:24 | Create | Villager (Male) |
| 5:27 | Create | Militia |
| 5:28 | Create | Militia |
| 5:51 | Create | Villager (Male) |
| 5:53 | Create | Militia |
| 6:06 | Build | House |
| 6:08 | Create | Villager (Male) |
| 6:12 | Build | Mill |
| 6:24 | Create | Villager (Male) |
| 6:38 | Create | Villager (Male) |
| 6:39 | Create | Villager (Male) |
| 7:17 | Build | Mill |
| 7:22 | Create | Villager (Male) |
| 8:37 | Research | Feudal Age |
| 8:38 | Research | Feudal Age |
| 9:19 | Build | Mining Camp |
| 9:50 | Create | Villager (Male) |
| 10:02 | Build | House |
| 10:18 | Create | Militia |
| 10:34 | Build | House |
| 10:37 | Build | Palisade Wall |
| 10:47 | Age | Feudal Age |
| 10:51 | Build | Archery Range |
| 10:52 | Create | Spearman |
| 10:54 | Research | Double-Bit Axe |
| 10:55 | Create | Villager (Male) |
| 11:11 | Create | Villager (Male) |
| 11:16 | Build | House |
| 11:25 | Create | Villager (Male) |
| 11:27 | Build | Farm |
| 11:28 | Build | Farm |
| 11:44 | Create | Spearman |
| 11:49 | Create | Archer |
| 11:49 | Create | Spearman |
| 12:03 | Create | Archer |
| 12:04 | Create | Villager (Male) |
| 12:19 | Create | Villager (Male) |
| 12:20 | Create | Archer |
| 12:30 | Build | Farm |
| 12:35 | Build | House |
| 12:40 | Build | House |
| 12:41 | Build | Palisade Wall |
| 12:43 | Build | House |
| 12:44 | Build | Palisade Wall |
| 12:46 | Build | Palisade Wall |
| 12:50 | Create | Villager (Male) |
| 12:56 | Create | Spearman |
| 13:08 | Create | Villager (Male) |
| 13:20 | Build | Farm |
| 13:25 | Create | Eagle Scout |
| 13:25 | Create | Eagle Scout |
| 13:26 | Create | Villager (Male) |
| 13:37 | Build | House |
| 13:39 | Build | House |
| 13:51 | Create | Villager (Male) |
| 13:54 | Create | Archer |
| 13:57 | Create | Eagle Scout |
| 14:00 | Create | Villager (Male) |
| 14:13 | Create | Villager (Male) |
| 14:19 | Build | Farm |
| 14:22 | Build | Palisade Wall |
| 14:33 | Create | Villager (Male) |
| 14:36 | Build | Farm |
| 14:50 | Create | Eagle Scout |
| 14:50 | Create | Eagle Scout |
| 14:51 | Create | Archer |
| 14:57 | Build | House |
| 15:00 | Build | Palisade Wall |
| 15:40 | Build | Blacksmith |
| 15:50 | Create | Eagle Scout |
| 15:51 | Create | Archer |
| 15:55 | Build | Farm |
| 15:58 | Build | Farm |
| 16:20 | Create | Villager (Male) |
| 16:23 | Build | Farm |
| 16:24 | Build | Farm |
| 16:31 | Build | Farm |
| 16:37 | Research | Fletching |
| 16:37 | Research | Scale Mail Armor |
| 16:38 | Research | Scale Mail Armor |
| 16:45 | Build | House |
| 16:56 | Build | House |
| 16:57 | Build | House |
| 16:59 | Build | House |
| 17:16 | Create | Eagle Scout |
| 17:17 | Create | Eagle Scout |
| 17:19 | Create | Archer |
| 17:42 | Create | Villager (Male) |
| 17:42 | Create | Villager (Male) |
| 18:21 | Research | Forging |
| 18:21 | Research | Forging |
| 18:22 | Create | Villager (Male) |
Build order — Мамкин руинер
105 actions detected in the replay
| 0:01 | Create | Villager (Male) ×4 |
| 0:02 | Build | House |
| 0:04 | Build | House |
| 1:32 | Create | Villager (Male) |
| 1:32 | Create | Villager (Male) |
| 1:32 | Create | Villager (Male) |
| 1:45 | Build | Lumber Camp |
| 1:48 | Create | Villager (Male) |
| 1:48 | Create | Villager (Male) |
| 1:48 | Create | Villager (Male) |
| 2:20 | Create | Villager (Male) |
| 2:33 | Create | Villager (Male) |
| 2:33 | Create | Villager (Male) |
| 3:14 | Create | Villager (Male) |
| 3:29 | Build | House |
| 3:31 | Build | House |
| 3:38 | Create | Villager (Male) |
| 3:39 | Create | Villager (Male) |
| 3:39 | Create | Villager (Male) |
| 4:07 | Create | Villager (Male) |
| 4:35 | Create | Villager (Male) |
| 5:21 | Create | Villager (Male) |
| 5:26 | Build | Palisade Wall |
| 5:29 | Create | Villager (Male) |
| 5:47 | Research | Loom |
| 5:59 | Build | Mill |
| 6:37 | Research | Feudal Age |
| 8:21 | Create | Villager (Male) |
| 8:24 | Build | Barracks |
| 8:42 | Build | Palisade Wall |
| 8:51 | Age | Feudal Age |
| 9:06 | Build | Palisade Wall |
| 9:07 | Build | Palisade Wall |
| 9:08 | Build | Palisade Wall |
| 9:09 | Build | Palisade Wall |
| 9:16 | Create | Villager (Male) |
| 9:26 | Build | Stable |
| 9:30 | Build | Palisade Wall |
| 9:35 | Create | Villager (Male) |
| 9:54 | Research | Double-Bit Axe |
| 10:06 | Create | Villager (Male) |
| 10:13 | Build | House |
| 10:15 | Create | Scout Cavalry |
| 10:15 | Create | Scout Cavalry |
| 10:18 | Build | Farm |
| 10:24 | Build | Farm |
| 10:27 | Create | Villager (Male) |
| 10:47 | Build | Farm |
| 10:54 | Create | Villager (Male) |
| 10:59 | Build | Farm |
| 11:02 | Build | Farm |
| 11:08 | Create | Villager (Male) |
| 11:22 | Build | Farm |
| 11:25 | Build | Farm |
| 11:29 | Build | House |
| 11:31 | Build | House |
| 11:32 | Build | House |
| 11:35 | Build | Palisade Wall |
| 11:40 | Create | Villager (Male) |
| 11:53 | Create | Scout Cavalry |
| 12:13 | Create | Villager (Male) |
| 12:21 | Create | Scout Cavalry |
| 12:27 | Create | Villager (Male) |
| 12:31 | Build | Farm |
| 12:32 | Build | Farm |
| 12:35 | Build | House |
| 12:37 | Build | Palisade Wall |
| 12:57 | Create | Villager (Male) |
| 13:03 | Build | Farm |
| 13:03 | Build | Farm |
| 13:04 | Build | Farm |
| 13:15 | Build | Farm |
| 13:21 | Build | Palisade Gate |
| 13:28 | Create | Villager (Male) |
| 13:30 | Create | Scout Cavalry |
| 13:47 | Create | Villager (Male) |
| 14:11 | Build | Archery Range |
| 14:17 | Create | Villager (Male) |
| 14:25 | Build | Mining Camp |
| 14:36 | Create | Villager (Male) |
| 14:38 | Create | Scout Cavalry |
| 14:53 | Build | Lumber Camp |
| 14:57 | Create | Skirmisher |
| 15:01 | Build | Palisade Wall |
| 15:02 | Build | Palisade Wall |
| 15:04 | Build | Palisade Wall |
| 15:10 | Create | Villager (Male) |
| 15:32 | Create | Villager (Male) |
| 15:41 | Create | Skirmisher |
| 15:51 | Build | House |
| 15:53 | Build | Palisade Wall |
| 15:57 | Build | House |
| 15:59 | Research | Wheelbarrow |
| 16:48 | Create | Villager (Male) |
| 17:26 | Create | Skirmisher |
| 17:42 | Create | Villager (Male) |
| 17:48 | Build | Lumber Camp |
| 18:11 | Create | Villager (Male) |
| 18:15 | Build | Mill |
| 18:16 | Build | Farm |
| 18:17 | Build | Farm |
| 18:17 | Build | Farm |
| 18:17 | Build | Farm |
| 18:17 | Build | Farm |
| 18:17 | Build | Farm |
Match timeline
| 4:29 | 幼猫上坟 · first_building Barracks |
| 5:26 | Мамкин руинер · wall_segment Palisade Wall x1 |
| 8:24 | Мамкин руинер · first_building Barracks |
| 8:42 | Мамкин руинер · wall_segment Palisade Wall x1 |
| 8:51 | Мамкин руинер · age_up feudal |
| 9:06 | Мамкин руинер · wall_segment Palisade Wall x1 |
| 9:07 | Мамкин руинер · wall_segment Palisade Wall x1 |
| 9:08 | Мамкин руинер · wall_segment Palisade Wall x1 |
| 9:09 | Мамкин руинер · wall_segment Palisade Wall x1 |
| 9:26 | Мамкин руинер · first_building Stable |
| 9:30 | Мамкин руинер · wall_segment Palisade Wall x4 |
| 10:37 | 幼猫上坟 · wall_segment Palisade Wall x8 |
| 10:47 | 幼猫上坟 · age_up feudal |
| 10:51 | 幼猫上坟 · first_building Archery Range |
| 11:35 | Мамкин руинер · wall_segment Palisade Wall x1 |
| 12:37 | Мамкин руинер · wall_segment Palisade Wall x4 |
| 12:41 | 幼猫上坟 · wall_segment Palisade Wall x1 |
| 12:44 | 幼猫上坟 · wall_segment Palisade Wall x1 |
| 12:46 | 幼猫上坟 · wall_segment Palisade Wall x1 |
| 14:11 | Мамкин руинер · first_building Archery Range |
| 14:22 | 幼猫上坟 · wall_segment Palisade Wall x16 |
| 15:00 | 幼猫上坟 · wall_segment Palisade Wall x16 |
| 15:01 | Мамкин руинер · wall_segment Palisade Wall x1 |
| 15:02 | Мамкин руинер · wall_segment Palisade Wall x1 |
| 15:04 | Мамкин руинер · wall_segment Palisade Wall x2 |
| 15:53 | Мамкин руинер · wall_segment Palisade Wall x6 |
| 18:48 | Мамкин руинер · resign |
[ AI ANALYSIS · 1 CREDIT ]
What really happened in this match?
Wolo.gg analyzes every decision: build order, eco, micro, common mistakes by bracket. Personalized analysis on WhatsApp or Discord in 30 seconds.
Civ guide
Maya
Perfil
Jugador #11265980